 Dungeon Crawl Stone Soup version 0.31-a0-175-g9f7f995f2b (webtiles) character file.

Game seed: 1662254889226748320

607 Faragor the Conjurer (level 7, 0/36 HPs)
             Began as a Deep Elf Conjurer on June 17, 2023.
             Slain by Duvessa
             ... wielding a +0 short sword
              (2 damage)
             ... on level 4 of the Dungeon.
             The game lasted 00:08:29 (4018 turns).

Faragor the Conjurer (Deep Elf Conjurer)            Turns: 4018, Time: 00:08:30

Health: 0/36       AC:  4    Str:  4    XL:     7   Next: 19%
Magic:  10/18      EV: 13    Int: 25    God:
Gold:   155        SH:  0    Dex: 16    Spells: 15/18 levels left

rFire   . . .        q - +10 whip of the Original Sin {heavy, Dex+3}
rCold   . . .        (no shield)
rNeg    . . .        a - +0 robe
rPois   .            l - +0 helmet
rElec   .            (no cloak)
rCorr   .            g - +0 pair of gloves {hurl}
SInv    .            (no boots)
Will    .....        (no amulet)
Stlth   +++          f - ring of flight
HPRegen 0.26/turn    (no ring)
MPRegen 0.16/turn

%: no passive effects
@: flying
A: no striking features
a: no special abilities


You were on level 4 of the Dungeon.
You visited 1 branch of the dungeon, and saw 4 of its levels.

You collected 155 gold pieces.

Inventory:

Hand Weapons
 q - the +10 whip of the Original Sin (weapon) {heavy, Dex+3}
   (You found it on level 3 of the Dungeon)

   Dex:       It affects your dexterity (+3).
Armour
 a - a +0 robe (worn)
 g - a +0 pair of gloves of hurling (worn)
 l - a +0 helmet (worn)
Jewellery
 f - a ring of flight (left hand)
 u - an amulet of reflection
Wands
 m - a wand of digging (5)
 p - a wand of mindburst (8)
Scrolls
 d - 2 scrolls of fog {unknown}
 e - a scroll of butterflies {unknown}
 h - 2 scrolls of noise {unknown}
 i - a scroll of enchant weapon {unknown}
 n - a scroll of amnesia {unknown}
 o - a scroll of teleportation {unknown}
 r - a scroll of vulnerability {unknown}
 t - a scroll of identify {unknown}
Potions
 b - 2 potions of magic
 c - 3 potions of enlightenment {unknown}
 j - 2 potions of degeneration {unknown}
 k - a potion of invisibility {unknown}
 s - 2 potions of curing


   Skills:
 - Level 3.4 Dodging
 + Level 6.1 Stealth
 + Level 6.3 Spellcasting
 + Level 6.4 Conjurations


You had 15 spell levels left.
You knew the following spells:

 Your Spells              Type           Power      Damage    Failure   Level
a - Magic Dart            Conj           100%       1d8       1%          1
b - Searing Ray           Conj           80%        2d7       1%          2

Your spell library contained the following spells:

 Spells                   Type           Power      Damage    Failure   Level
 Dazzling Flash           Conj/Hex       48%        N/A       6%          3
 Fulminant Prism          Conj/Hex       12%        3d9       19%         4
 Iskenderun's Mystic Bla  Conj/Tloc      24%        2d7       19%         4
 Portal Projectile        Hex/Tloc       14%        N/A       22%         3
 Tukima's Dance           Hex            7%         N/A       22%         3
 Blade Hands              Tmut           3%         N/A       89%         5


Dungeon Overview and Level Annotations

Branches:
Dungeon (4/15)
 Temple: D:4-7

Altars:
Nemelex Xobeh

Shops:
D:2 ?

Annotations:
D:4 Dowan, Duvessa


Message History

The searing ray hits Dowan.
Dowan is lightly wounded.
Duvessa completely misses you.
The searing ray hits Duvessa.
Duvessa is moderately wounded.
Duvessa barely misses you. Dowan misses you.
The searing ray hits Duvessa!
Duvessa is heavily wounded.
You finish channelling your searing ray.
Duvessa drinks a potion.
Duvessa is healed!
Dowan misses you. Duvessa hits you with a +0 short sword!
Dowan hits you with a +0 dagger. Duvessa closely misses you.
Dowan attacks as you move away! Dowan hits you with a +0 dagger.
Casting: Searing Ray (safe; 1% risk of failure)
Confirm with . or Enter, or press ? or * to list all spells.
Aiming: Searing Ray (safe; 1% risk of failure)
Press: ? - help, Shift-Dir - straight line, f/p - Duvessa
Aim: Duvessa, wielding a +0 short sword and wearing a +0 ring mail (moderately wounded, 87% to hit)
The searing ray hits Duvessa!
Duvessa is heavily wounded.
The searing ray hits Dowan.
Dowan is lightly wounded. (Press . to maintain the ray.) Duvessa drinks a potion.
Duvessa is healed!
The searing ray hits Duvessa.
Duvessa is heavily wounded.
The searing ray hits Dowan!
Dowan is heavily wounded.
Duvessa hits you with a +0 short sword!
The searing ray hits Duvessa but does no damage.
Duvessa is heavily wounded.
The searing ray misses Dowan.
Duvessa hits you with a +0 short sword.
The searing ray hits Duvessa!
Duvessa is almost dead.
The searing ray misses Dowan.
You finish channelling your searing ray.
Duvessa hits you with a +0 short sword!
* * * LOW HITPOINT WARNING * * *
Duvessa hits you with a +0 short sword.
You die...

#.......#
#.#.######.......#
##.......#
#.#......)...###.#
#[.......#
##'##########.....#
#.....)..#
#....##### ####...
#...#'####
#......... ##..
#####.# #.........
#####'# #.#
#.e....... #......
#.# ##e#......
#...... #.######
#@# ..... #.....)
#......###.# ....
#...^.)
#..........# ...
........
#......#####
###.#....).
#......# #.##.##†#
#......# ... ...
#......# .. ..
........#
......(..#


You could see Duvessa and Dowan.

Vanquished Creatures
  Grinder (D:3)
  A scorpion (D:4)
  A jelly (D:4)
  Ijyb (D:3)
  Natasha (D:4)
  2 iguanas (D:4)
  An orc wizard (D:3)
  4 gnolls (D:4)
  7 adders
  An ufetubus (D:4)
  2 dart slugs
  3 worms (D:2)
  4 orcs (D:3)
  7 endoplasms
  2 giant cockroaches
  4 goblins
  3 hobgoblins
  4 jackals (D:4)
  6 kobolds
  3 quokkas
  11 ball pythons
  2 bats
  3 frilled lizards
  7 rats
81 creatures vanquished.

Notes
Turn   | Place    | Note
-------+----------+-------------------------------------------
     0 | D:1      | Faragor the Deep Elf Conjurer began the quest for the Orb.
     0 | D:1      | Reached XP level 1. HP: 10/10 MP: 6/6
   401 | D:1      | Reached XP level 2. HP: 15/15 MP: 5/8
  1229 | D:2      | Reached XP level 3. HP: 19/19 MP: 6/10
  1269 | D:2      | Found Viunor's Magic Scroll Shoppe.
  1634 | D:2      | Reached XP level 4. HP: 24/24 MP: 8/11
  1908 | D:3      | Learned a level 2 spell: Searing Ray
  1951 | D:3      | Noticed Grinder
  1961 | D:3      | Killed Grinder
  1962 | D:3      | Reached skill level 5 in Stealth
  1962 | D:3      | Reached skill level 5 in Spellcasting
  1962 | D:3      | Reached skill level 5 in Conjurations
  1962 | D:3      | Reached XP level 5. HP: 28/28 MP: 3/14
  1962 | D:3      | Reached XP level 6. HP: 32/32 MP: 3/15
  2174 | D:3      | Noticed Ijyb
  2190 | D:3      | Killed Ijyb
  2699 | D:3      | Identified the +10 whip of the Original Sin {heavy, Dex+3}
  3520 | D:4      | Found a sparkling altar of Nemelex Xobeh.
  3618 | D:4      | Reached XP level 7. HP: 25/36 MP: 1/18
  3910 | D:4      | Noticed Natasha
  3917 | D:4      | Killed Natasha
  4006 | D:4      | Noticed Duvessa
  4006 | D:4      | Noticed Dowan
  4017 | D:4      | HP: 1/36 [Duvessa/+0 short sword (11)]
  4018 | D:4      | Slain by Duvessa

Illustrated notes

Levels and vault maps discovered:
D:1:      dpeg_arrival_signposts, layout_loops_ring, serial_bayou,
          serial_bayou_pond_b, serial_bayou_pond_a, serial_bayou_shore_a,
          serial_bayou_lagoon_a
D:2:      layout_rooms, serial_shops, nicolae_shop_advertising_works
          [nicolae_subvault_shop_adworks]
D:3:      layout_basic, uniq_ijyb, uniq_grinder
D:4:      layout_basic, nemelex_spade_bored_becter,
          minmay_temple_entry_large_hall, uniq_natasha, uniq_duvessa

Skill      XL: |  1  2  3  4  5  6  7 |
---------------+----------------------+-----
Stealth        | 3 5 6 |  6.1
Dodging        | 3 |  3.4
Spellcasting   | 5 6 |  6.3
Conjurations   | 5 6 |  6.4

Action                     |  1- 3 |  4- 6 |  7- 9 || total
---------------------------+-------+-------+-------++-------
  Melee: Unarmed           |     4 |       |       ||     4
         Whip              |       |     3 |       ||     3
   Cast: Magic Dart        |    59 |    51 |    12 ||   122
         Searing Ray       |       |    18 |     6 ||    24
 Armour: Robe              |       |     5 |       ||     5
  Dodge: Dodged            |     3 |    21 |     5 ||    29

Table legend: (Time is in decaauts)
 A = Elapsed time spent in this place.
 B = Non-inter-level travel time spent in this place.
 C = Inter-level travel time spent in this place.
 D = Time resting spent in this place.
 E = Time spent auto-exploring this place.
 F = Levels seen in this place.
 G = Mean time per level.
                   A        B        C        D        E       F      G
               +--------+--------+--------+--------+--------+-----+--------+
         Total |   4023 |   3892 |    131 |    981 |   2529 |   4 | 1005.8 |
       Dungeon |   4023 |   3892 |    131 |    981 |   2529 |   4 | 1005.8 |
               +--------+--------+--------+--------+--------+-----+--------+

Top non-repeatable levels by time:
     D:1: 1183 daAuts
     D:3: 1079 daAuts
     D:4: 1040 daAuts
     D:2: 719 daAuts
